Cogmind - Beta 15 @@@ ROGUE MODE // 2025.05.06 @ 21:50:02 Player: shockman27 Result: Destroyed by S-27 Virus with Autogun Performance ------------- Evolutions (3) 1500 Regions Visited (5) 1000 Robots Destroyed (154) 770 Value Destroyed (3823) 3823 Prototype IDs (6) 120 Alien Tech Used (0) 0 Bonus (99) 99 TOTAL SCORE: 7312 Bonus ------- High Alert Combat Kills 99 Cogmind --------- Core Integrity 0/700 Matter 150/300 Energy 99/100 System Corruption 1% Temperature Cool (0) Movement Core (200) Ox3 Location -7/Lower Caves Parts ------- > --- POWER (1) -------- (None) > --- PROPULSION (4) --- (None) > --- UTILITY (6) ------ Medium Storage Unit Hacking Suite Hacking Suite System Shield > --- WEAPON (2) ------- (None) > --- INVENTORY (10) --- Micro Nuclear Core Improved Sensor Array Improved Signal Interpreter Microactuators Transmission Jammer Hacking Suite System Shield Peak State ------------ > --- POWER ------------ Micro Nuclear Core > --- PROPULSION ------- Airjet Improved Airjet Improved Airjet Improved Airjet > --- UTILITY ---------- Medium Storage Unit Improved Signal Interpreter Microactuators Hacking Suite Hacking Suite System Shield > --- WEAPON ----------- Greatsword > --- INVENTORY -------- Light Nuclear Core Airjet Airjet Improved Sensor Array Improved Signal Interpreter Transmission Jammer Improved Light Armor Plating Hacking Suite System Shield Improved Grenade Launcher [Rating: 50] Favorites ----------- Power Nuclear Core Engine Light Ion Engine Power Core Nuclear Core Propulsion Improved Treads Treads Improved Treads Wheel Wheel Hover Unit Improved Airjet Utility High-capacity Storage Unit Device Seismic Detector Storage High-capacity Storage Unit Processor Improved Signal Interpreter Hackware Hacking Suite Protection Improved Light Armor Plating Weapon Greatsword Energy Gun EM Pulse Gun Energy Cannon Light EM Pulse Cannon Ballistic Gun Improved Assault Rifle Ballistic Cannon Light Cannon Launcher Improved Grenade Launcher Special Weapon Mining Laser Impact Weapon Mace Slashing Weapon Greatsword Build | -11 -10 -9 -8 -7 -7 ------- Run | Yrd Mat Mat Mat Fac Low Slots Evolved 6 | . . 2 2 2 . Power . | . . . . . . Propulsion 2 | . . 1 1 . . Utility 4 | . . 1 1 2 . Weapon . | . . . . . . Parts Attached 95 | 7 10 33 34 9 2 Power 9 | 1 . 4 3 1 . Engine 6 | 1 . 3 2 . . Core 3 | . . 1 1 1 . Reactor . | . . . . . . Propulsion 29 | 2 2 9 11 4 1 Treads 16 | . . 9 7 . . Leg . | . . . . . . Wheel 4 | 2 2 . . . . Hover 9 | . . . 4 4 1 Flight . | . . . . . . Utility 26 | 2 2 9 9 4 . Device 9 | 1 . 3 3 2 . Storage 5 | 1 2 . 2 . . Processor 2 | . . 1 1 . . Hackware 3 | . . . 1 2 . Protection 7 | . . 5 2 . . Artifact . | . . . . . . Weapon 31 | 2 6 11 11 . 1 Energy Gun 5 | . 2 3 . . . Energy Cannon 7 | . . 3 4 . . Ballistic Gun 9 | 2 1 4 2 . . Ballistic Cannon 2 | . 1 . 1 . . Launcher 2 | . 1 . . . 1 Special Weapon 1 | . 1 . . . . Impact Weapon 1 | . . 1 . . . Slashing Weapon 4 | . . . 4 . . Piercing Weapon . | . . . . . . Special Melee Weapon . | . . . . . . Unidentified Prototypes . | . . . . . . Parts Lost 22 | . . 4 8 . 10 Power 1 | . . . . . 1 Propulsion 8 | . . 1 2 . 5 Utility 8 | . . 3 3 . 2 Weapon 5 | . . . 3 . 2 Highest Loss Streak 8 | . . 2 2 . 8 To Critical Strikes . | . . . . . . Average Backups 17 | 3 15 19 20 9 8 Power 1 | . 1 1 1 . 1 Propulsion 2 | 1 4 3 1 1 . Utility 7 | . 3 6 8 6 6 Weapon 6 | . 6 7 6 1 . Tool/Special . | . . . . . . Unused Backups 37 | . 3 15 12 3 4 Power 7 | . 1 2 2 1 1 Propulsion 6 | . . 3 2 1 . Utility 13 | . 2 3 4 1 3 Weapon 9 | . . 7 2 . . Tool/Special 2 | . . . 2 . . Average Slot Usage (%) 96 | . 100 99 96 91 87 Engine 5 | . 14 6 4 . . Core 4 | . . 4 4 7 6 Treads 23 | . . 32 33 . . Wheel 3 | . 28 . . . . Hover 5 | . . . 2 30 28 Device 7 | . 14 10 3 6 5 Storage 9 | . 14 11 9 7 7 Processor 4 | . . . 9 7 6 Hackware 6 | . . . 6 22 23 Protection 6 | . . 10 8 . . Energy Gun 2 | . 14 1 . . . Energy Cannon 3 | . . 5 5 . . Ballistic Gun 4 | . 6 7 2 . . Ballistic Cannon 1 | . . 2 . . . Impact Weapon 1 | . . 4 . . . Slashing Weapon 3 | . . . 5 7 5 Peak Build Rating 50 | 7 9 20 40 50 50 Average Rating 26 | 5 8 16 33 46 45 On Entrance 20 | . 7 9 19 35 50 Naked Turns . | . . . . . . Heaviest Build 101 | 12 49 61 101 24 25 Greatest Support 86 | 26 26 69 86 36 36 Greatest Overweight (x) 3 | 1 2 1 1 . 3 Average Overweight (x) . | . 1 . . . . Largest Inventory Capacity 25 | 8 20 20 25 10 10 Average Capacity 18 | 7 17 20 20 10 10 Most Carried 25 | 6 20 20 25 10 10 Average Carried 17 | 3 15 19 20 9 8 Final Capacity 20 | 8 20 20 10 10 10 Final Carried 20 | 6 20 20 10 10 7 Class Distribution -------------------- 80% | Mutant 15% | Hacker-Mutant 3% | Scavenger-Mutant Dominant Class ---------------- Mutant | -10/Materials Mutant | -9/Materials Mutant | -8/Materials Hacker-Mutant | -7/Factory Hacker-Mutant | -7/Lower Caves Resources | -11 -10 -9 -8 -7 -7 ----------- Run | Yrd Mat Mat Mat Fac Low Matter Collected 2930 | 298 216 1348 808 160 100 Remotely . | . . . . . . Salvage Created 5246 | 79 236 2161 2266 369 135 Parts 314 | 7 24 131 118 26 8 Haulers Intercepted 18 | . 2 6 6 4 . Recyclers Shooed 3 | . 1 1 1 . . Parts Field Recycled . | . . . . . . Retrieved Matter . | . . . . . . Parts Self-Destructed 5 | . . . . . 5 Prevented 1 | . . . . . 1 Kills | -11 -10 -9 -8 -7 -7 ------- Run | Yrd Mat Mat Mat Fac Low Combat Hostiles Destroyed 88 | . 3 48 26 2 9 Melee 16 | . . 3 10 2 1 Guns 15 | . 1 13 1 . . Cannons 30 | . . 18 12 . . AOE 21 | . 2 10 1 . 8 Classes Destroyed 17 | 1 6 5 4 1 . Worker 9 | . . 2 3 4 . Builder 6 | . 2 2 2 . . Tunneler 7 | 3 . 3 1 . . Hauler 18 | . 2 6 6 4 . Recycler 4 | . . . 4 . . Mechanic 1 | . 1 . . . . Operator 11 | . . 6 5 . . Watcher 10 | . 1 4 5 . . Swarmer 22 | . 2 14 . . 6 Grunt 40 | . 1 23 12 1 3 Brawler 2 | . . 1 1 . . Duelist 1 | . . . 1 . . Protector 1 | . . 1 . . . Sentry 17 | . . 9 8 . . Specialist 2 | . . . 2 . . Hunter 2 | . . . 2 . . Programmer 1 | . . . . 1 . Best Kill Streak 10 | 3 2 10 4 4 3 Combat Bots Only 8 | . 2 8 4 1 3 Max Kills in Single Turn 2 | 1 2 2 1 1 2 Gunslinging . | . . . . . . Exploded 2 | . 2 2 1 . 2 Melee 1 | . . 1 1 1 1 Uniques/NPCs Destroyed . | . . . . . . Combat | -11 -10 -9 -8 -7 -7 -------- Run | Yrd Mat Mat Mat Fac Low Hostile Shots Fired 547 | . 6 210 181 23 127 Missed 147 | . 1 48 51 11 36 Hits 400 | . 5 162 130 12 91 Melee 4 | . . . 4 . . Projectile 396 | . 5 162 126 12 91 Critical Strikes 12 | . . . 6 2 4 Damage Taken 5770 | . 71 1911 2106 181 1501 Core 1195 | . 25 308 153 45 664 Absorbed by Shields . | . . . . . . Redirected to Shielding 71 | . . 71 . . . Regen/Repaired (Parts) 208 | . . 208 . . . Core Remaining (%) 71 | 100 90 23 72 . . Volleys Fired 303 | 12 51 145 80 . 15 Largest 2 | 2 2 2 2 . 1 Hottest 140 | 40 140 100 116 . 36 Shots Fired 540 | 24 79 269 153 . 15 Gun 247 | 24 52 124 47 . . Cannon 239 | . . 133 106 . . Launcher 24 | . 1 8 . . 15 Special 30 | . 26 4 . . . Kinetic 252 | 24 15 140 73 . . Thermal 165 | . 26 98 41 . . Explosive 24 | . 1 8 . . 15 Electromagnetic 99 | . 37 23 39 . . Robot Hit Streak 16 | 5 8 11 16 . 8 Robot Miss Streak 4 | 2 2 4 4 . 1 Penetration Max . | . . . . . . Secondary Targets 1 | . . 1 . . . Max Gunslinging Chain 1 | . . 1 . . . Shots Hit Robots 398 | 14 27 175 150 25 7 Core Hits 189 | 5 14 92 59 5 14 Critical Kills 4 | . . 4 . . . Critical Parts Destroyed 6 | . . 5 1 . . Critical Strikes 19 | . 1 9 7 2 . Meltdown 1 | . . 1 . . . Destroy 2 | . . 1 1 . . Corrupt 2 | . 1 . 1 . . Smash 7 | . . 7 . . . Sever 7 | . . . 5 2 . Melee Attacks 295 | . . 63 108 104 20 Impact 79 | . . 63 16 . . Slashing 216 | . . . 92 104 20 Piercing . | . . . . . . Sneak Attacks 26 | . . 3 15 8 . Combat Hostiles . | . . . . . . Follow-up Attacks . | . . . . . . Damage Inflicted 12139 | 141 580 4162 4599 1793 864 Guns 2195 | 141 371 1153 530 . . Cannons 3241 | . . 1598 1643 . . Explosions 1835 | . 209 746 66 . 814 Melee 4868 | . . 665 2360 1793 50 Ramming . | . . . . . . Kinetic 2436 | 141 122 1292 881 . . Thermal 1885 | . 121 1113 651 . . Explosive 1607 | . 88 705 . . 814 Electromagnetic 1343 | . 249 387 707 . . Impact 879 | . . 665 214 . . Slashing 3989 | . . . 2146 1793 50 Piercing . | . . . . . . Highest Corruption 3 | . 2 2 3 1 1 Average Corruption 1 | . 2 2 2 1 1 Corruption Purged 3 | . . . 3 . . Corruption Blocked . | . . . . . . Effects 44 | . 14 23 1 2 4 Message Errors 9 | . 5 2 . . 2 Matter Fused 11 | . 3 8 . . . Heat Flow Errors 6 | . 3 1 1 . 1 Energy Discharges 5 | . . 4 . . 1 Data Loss (minor) 5 | . . 5 . . . Data Loss (major) 2 | . . 1 . 1 . Misfires 3 | . 3 . . . . Alerts 1 | . . . . 1 . Weapon Failures 2 | . . 2 . . . Overload Shots . | . . . . . . Overflow Damage 956 | . 10 314 292 314 26 Projectiles 26 | . . 7 19 . . Explosions 36 | . 10 . . . 26 Melee 894 | . . 307 273 314 . Knockbacks 16 | . . 8 8 . . Impact 7 | . . 6 1 . . Kinetic 7 | . . 1 6 . . Secondary 2 | . . 1 1 . . Self-Inflicted Damage 89 | . 25 35 29 . . Shots 4 | . 2 1 1 . . Rammed . | . . . . . . Targets Rammed . | . . . . . . Kicked . | . . . . . . Crushed . | . . . . . . Highest Temperature 393 | . 235 296 393 . 261 Average Temperature 75 | . 40 73 101 . 67 Received Heat Transfer 1854 | . 18 696 882 18 240 Effects 4 | . . 3 1 . . Energy Bleed 1 | . . 1 . . . Interference 3 | . . 2 1 . . Siege Activations . | . . . . . . Martial Activations . | . . . . . . Shielding Activations . | . . . . . . Robots Disrupted . | . . . . . . Combat Hostiles . | . . . . . . Robots Corrupted 10 | . . 5 5 . . Combat Hostiles 5 | . . 3 2 . . Parts Fried 19 | . 1 9 9 . . Impact Corruptions 15 | . . 11 4 . . Robots Melted 1 | . . 1 . . . Combat Hostiles 1 | . . 1 . . . Parts Melted 7 | . . 4 3 . . Heat Transferred 3506 | . 200 2331 975 . . Parts Sabotaged . | . . . . . . Parts Stolen . | . . . . . . Parts Stripped . | . . . . . . Power Chain Reactions 5 | . 3 1 1 . . Alert | -11 -10 -9 -8 -7 -7 ------- Run | Yrd Mat Mat Mat Fac Low Maximum Alert Level 2 | . . 2 1 . . Low Security (%) 63 | 100 100 32 66 100 . Level 1 19 | . . 15 33 . . Level 2 17 | . . 51 . . . Level 3 . | . . . . . . Level 4 . | . . . . . . Level 5 . | . . . . . . High Security . | . . . . . . Max Security . | . . . . . . Peak Influence 630 | 5 64 630 339 160 . Initial 258 | . . . 258 154 . Average 179 | . 8 330 150 49 . Influence Increases 3350 | 15 211 1507 1004 328 285 Destroy 0b10 Robot/C 1740 | . 60 940 520 40 180 Destroy 0b10 Robot/NC 335 | 15 30 120 130 40 . Destroy Leader 496 | . 26 240 182 18 30 Successful Hack 116 | . 5 42 31 38 . Select Force Hacks 30 | . 30 . . . . Disable Machine 195 | . 15 105 45 30 . Destroy Structure 243 | . 45 60 66 72 . Lose Combat Pursuer 195 | . . . 30 90 75 Influence Decreases 3338 | 15 211 894 1278 611 329 Entered New Map 561 | . . . 355 185 21 Time Decay 2175 | 15 211 554 751 426 218 Lost Part 210 | . . 40 80 . 90 Purge Threat 392 | . . 300 92 . . Squads Dispatched 23 | . 2 10 6 5 . Investigation 5 | . 1 3 . 1 . Extermination 3 | . . . . 3 . Reinforcement 11 | . 1 5 4 1 . Assault 2 | . . 2 . . . Garrison 2 | . . . 2 . . Intercept . | . . . . . . Searches Triggered . | . . . . . . Construction Impeded 2 | . . 1 1 . . Haulers Reinforced 1 | . . . . 1 . Active Scanning Responses . | . . . . . . Cargo Convoy Interrupts . | . . . . . . Stealth | -11 -10 -9 -8 -7 -7 --------- Run | Yrd Mat Mat Mat Fac Low Distress Signals 6 | . 3 1 2 . . Communications Jammed . | . . . . . . Distress Signals . | . . . . . . Times Spotted 140 | . 6 64 44 7 19 Peak Tracking Total 8 | . 4 8 4 4 5 Tactical Retreats 9 | . . . 2 4 3 Traps | -11 -10 -9 -8 -7 -7 ------- Run | Yrd Mat Mat Mat Fac Low Traps Triggered 6 | . 2 4 . . . Indirectly . | . . . . . . Trap Hack Attempts . | . . . . . . Triggered . | . . . . . . Disarmed . | . . . . . . Reprogrammed . | . . . . . . Reused . | . . . . . . Traps Extracted . | . . . . . . Installed . | . . . . . . Triggered . | . . . . . . Machines | -11 -10 -9 -8 -7 -7 ---------- Run | Yrd Mat Mat Mat Fac Low Machines Disabled 13 | . 1 7 3 2 . Max in Single Turn 2 | . 1 2 1 1 . Garrison Access 1 | . . . . 1 . Machines Repaired . | . . . . . . Machines Dismantled . | . . . . . . Machines Sabotaged . | . . . . . . Overloaded Fab Kills . | . . . . . . Hacking | -11 -10 -9 -8 -7 -7 --------- Run | Yrd Mat Mat Mat Fac Low Machines Accessed 34 | . 5 11 10 8 . Terminals 24 | . 4 7 8 5 . Fabricators . | . . . . . . Repair Stations 3 | . . 2 . 1 . Recycling Units 2 | . 1 1 . . . Scanalyzers 3 | . . 1 1 1 . Garrison Access 2 | . . . 1 1 . Total Hacks 116 | . 10 42 30 34 . Successful 76 | . 5 27 20 24 . Failed 40 | . 5 15 10 10 . Catastrophic 8 | . . 3 3 2 . Database Lockouts . | . . . . . . Manual 58 | . 11 18 15 14 . Terminals 81 | . 9 23 28 21 . Fabricators . | . . . . . . Repair Stations 11 | . . 8 . 3 . Recycling Units 2 | . 1 1 . . . Scanalyzers 20 | . . 10 1 9 . Garrison Access 2 | . . . 1 1 . Terminal Hacks 34 | . 2 8 15 9 . Record 3 | . . . 1 2 . Part Schematic 2 | . . . 2 . . Robot Analysis 7 | . 2 1 3 1 . Prototype ID Bank 1 | . . . . 1 . Level Access Points 1 | . . . 1 . . Branch Access Points 2 | . . . 1 1 . Alert Level 7 | . . 3 3 1 . Unreport Threat 3 | . . 2 1 . . Locate Traps 3 | . . 1 1 1 . Dispatch Records 1 | . . . 1 . . Recall Reinforcements 2 | . . 1 1 . . Hauler Manifests 1 | . . . . 1 . Registered Components 1 | . . . . 1 . Fabricator Hacks . | . . . . . . Repair Station Hacks 6 | . . 5 . 1 . Scan Component 4 | . . 3 . 1 . Repair 2 | . . 2 . . . Recycling Unit Hacks 1 | . . 1 . . . Report Inventory 1 | . . 1 . . . Scanalyzer 20 | . . 10 1 9 . Insert Component 10 | . . 6 1 3 . Analyze 10 | . . 4 . 6 . Garrison Access Hacks 2 | . . . 1 1 . Unlock Access 1 | . . . 1 . . Seal Access 1 | . . . . 1 . Unauthorized Hacks 13 | . 3 3 3 4 . Terminals 12 | . 2 3 3 4 . Botnet 9 | . 1 2 3 3 . Operators 3 | . 1 1 . 1 . Fabricators . | . . . . . . Repair Stations . | . . . . . . Recycling Units 1 | . 1 . . . . Tunnel 1 | . 1 . . . . Scanalyzers . | . . . . . . Garrison Access . | . . . . . . Data Cores Recovered 2 | . . 1 1 . . Used . | . . . . . . Hacking Detections 26 | . 4 9 8 5 . Full Trace Events 4 | . . 3 . 1 . Feedback Events . | . . . . . . Feedback Blocked . | . . . . . . Robot Schematics Acquired . | . . . . . . Robots Built . | . . . . . . Authchips . | . . . . . . Time . | . . . . . . Total Robot Build Rating . | . . . . . . Part Schematics Acquired 9 | . . 4 2 3 . Parts Built . | . . . . . . Authchips . | . . . . . . Time . | . . . . . . Total Part Build Rating . | . . . . . . Parts Repaired 2 | . . 2 . . . Time 64 | . . 64 . . . Parts Recycled . | . . . . . . Recycled Matter . | . . . . . . Retrieved Matter . | . . . . . . Retrieved Components . | . . . . . . Parts Scanalyzed 7 | . . 4 . 3 . Part Schematics Acquired 7 | . . 4 . 3 . Parts Damaged 1 | . . . . 1 . Bothacking | -11 -10 -9 -8 -7 -7 ------------ Run | Yrd Mat Mat Mat Fac Low Used RIF Installer . | . . . . . . Robots Hacked . | . . . . . . Non-combat . | . . . . . . Combat . | . . . . . . Robot Hacks Applied . | . . . . . . Relay Couplers Released . | . . . . . . Fabnet Peak Effective % . | . . . . . . Robots Rewired . | . . . . . . Allies Hacked . | . . . . . . Hacks Repelled . | . . . . . . Allies | -11 -10 -9 -8 -7 -7 -------- Run | Yrd Mat Mat Mat Fac Low Total Allies . | . . . . . . Largest Group . | . . . . . . Highest-Rated Group . | . . . . . . Highest-Rated Ally . | . . . . . . Total Orders . | . . . . . . Ally Attacks . | . . . . . . Total Damage . | . . . . . . Kills . | . . . . . . Allies Corrupted . | . . . . . . Allies Melted . | . . . . . . Intel | -11 -10 -9 -8 -7 -7 ------- Run | Yrd Mat Mat Mat Fac Low Active Infowar (turns) 8940 | 4 1666 3956 1571 1127 616 Sensors 3380 | . . 108 1570 1086 616 Structural 1548 | . . 1547 1 . . Seismic 3971 | 4 1666 2301 . . . Jamming 41 | . . . . 41 . Robot Analysis Total 7 | . 2 1 3 1 . Derelict Logs Recovered 2 | . . . . . 2 Drone Launches . | . . . . . . Drone Recoveries . | . . . . . . Exploration | -11 -10 -9 -8 -7 -7 ------------- Run | Yrd Mat Mat Mat Fac Low Turns Passed 12686 | 122 1666 4044 4868 1245 741 Spaces Moved 9064 | 78 1390 1949 2505 1821 1321 Core 32 | 15 . . . . 17 Treads 3987 | . . 1949 2038 . . Legs . | . . . . . . Wheels 1453 | 63 1390 . . . . Hover 3592 | . . . 467 1821 1304 Flight . | . . . . . . Fastest Speed 40 | 50 80 160 48 40 40 Average Speed 109 | 88 102 160 159 42 43 Slowest Speed 241 | 100 110 240 241 48 200 Overloaded Moves . | . . . . . . Propulsion Burnouts . | . . . . . . Robots Hopped . | . . . . . . Potential Cave-ins 5 | . . . . . 5 Cave-ins Triggered . | . . . . . . Exploration Rate (%) 66 | 4 98 97 88 33 81 Regions Visited 5 Branch Regions 1 Pre-discovered Areas 1 | . 1 . . . . Known Exits Taken 3 | . . 1 1 1 . Unknown Exits Taken 2 | 1 1 . . . . Scrap Searched 5 | . . . . . 5 Spaces Dug 228 | . 25 37 51 72 43 Terrain Destroyed 369 | . 45 57 59 72 136 Melee 174 | . . 33 51 72 18 Projectile 32 | . 25 4 3 . . AOE 163 | . 20 20 5 . 118 Terrain Rammed . | . . . . . . Walls Destroyed . | . . . . . . Machines Disabled . | . . . . . . Actions | -11 -10 -9 -8 -7 -7 --------- Run | Yrd Mat Mat Mat Fac Low Total 10690 | 105 1506 2497 3052 2093 1437 Wait 653 | 3 25 191 232 133 69 Move 9059 | 77 1389 1948 2504 1820 1321 Hop . | . . . . . . Pick Up 93 | 6 18 34 25 10 . Fast Attach 28 | 7 1 7 11 1 1 Attach 29 | . . 11 11 2 5 Detach 13 | . . 5 6 . 2 Swap 115 | . 15 53 31 13 3 Drop 102 | . 7 40 44 10 1 Fire 303 | 12 51 145 80 . 15 Melee 295 | . . 63 108 104 20 Ram . | . . . . . . Kick . | . . . . . . Crush . | . . . . . . Escape Stasis . | . . . . . . Rewire . | . . . . . . Trap . | . . . . . . Miscellaneous . | . . . . . . Route ------- -11/Scrapyard -10/Materials (discovered 4 exits: *Mat x3 / [*Min]) -9/Materials (discovered 5 exits: *Mat x3 / [*Min] / [*Sto]) -8/Materials (discovered 4 exits: *Fac x3 / Gar) -7/Factory (discovered 2 exits: *Low x2) -7/Lower Caves History --------- Turn | Location | Event 8 | -11/Scrapyard | Discovered new exit (range 15) 123 | -11/Scrapyard | Entered Materials 124 | -10/Materials | Met a group of wandering Federalists 305 | -10/Materials | Build established: Mutant 517 | -10/Materials | Discovered new exit (range 7) 602 | -10/Materials | Discovered new exit (range 15) 1062 | -10/Materials | Discovered new exit (range 7) 1131 | -10/Materials | Discovered new exit (range 16) 1789 | -10/Materials | Entered another Materials area 1789 | -9/Materials | Evolved 2 slots: Propulsion x1, Utility x1 2404 | -9/Materials | Discovered new exit (range 14) 2728 | -9/Materials | Build established: Scavenger-Mutant 3113 | -9/Materials | Destroyed 8 combat bots 3214 | -9/Materials | Build established: Mutant 3268 | -9/Materials | Destroyed 7 combat bots 3321 | -9/Materials | Core integrity fell below 50% 3472 | -9/Materials | Discovered new exit (range 12) 3789 | -9/Materials | First assault squad dispatched 3974 | -9/Materials | Discovered new exit (range 16) 4101 | -9/Materials | Discovered new exit (range 15) 4269 | -9/Materials | Discovered new exit (range 10) 5671 | -9/Materials | Repaired Imp. Treads 5704 | -9/Materials | Repaired Imp. Treads 5764 | -9/Materials | Identified exit to Materials 5833 | -9/Materials | Entered another Materials area 5833 | -8/Materials | Evolved 2 slots: Propulsion x1, Utility x1 6735 | -8/Materials | Identified exit to Garrison 6766 | -8/Materials | Garrison activated, responded to threat 6920 | -8/Materials | Identified exit to Factory 10472 | -8/Materials | Garrison activated, responded to threat 10701 | -8/Materials | Entered Factory 10701 | -7/Factory | Evolved 2 slots: Utility x2 10709 | -7/Factory | Discovered new exit (range 8) 10713 | -7/Factory | Identified exit to Lower Caves 11227 | -7/Factory | Build established: Hacker-Mutant 11946 | -7/Factory | Entered Lower Caves 11972 | -7/Lower Caves | Encountered a Warlord checkpoint 12017 | -7/Lower Caves | Spotted B-75 Beast 12127 | -7/Lower Caves | Learned 4 Factory zone layouts 12560 | -7/Lower Caves | Learned Factory emergency access door positions 12663 | -7/Lower Caves | Core integrity fell below 50% 12680 | -7/Lower Caves | Core integrity fell below 20% 12686 | -7/Lower Caves | Lost 8 parts (1p3n2u2w) 12687 | -7/Lower Caves | Destroyed by S-27 Virus with Autogun Last Messages --------------- 12631_ Airjet destroyed. 12631_ S-27 Virus destroyed. 12633_ Imp. Light Armor Plating destroyed. 12633_ Destroyed VTOL Module. 12633_ S-27 Virus destroyed. 12635_ Destroyed Lgt. Nuclear Core. 12635_ S-27 Virus destroyed. 12636_ Imp. Grenade Launcher destroyed. 12636_ Imp. Airjet destroyed. 12636_ Imp. Signal Interpreter destroyed. 12636_ Critical hit (Blast). 12636_ Mic. Nuclear Core destroyed. 12644_ Lgt. Nuclear Core fries itself beyond repair. 12646_ S-27 Virus destroyed. 12649_ Acquired 7 matter. 12653_ Autogun fries itself beyond repair. 12653_ Greatsword destroyed. 12655_ Airjet destroyed. 12657_ Acquired 5 matter. [Achievement: Back For More] Map ----- +----------------------------------------------------+ | ?????????????????????????????????????????????????? | | ?????????????????????????????????????????????????? | | ?????????????????????????????????????????????????? | | ?????????????????????????????????????????????????? | | ?????????????????????????????????????????????????? | | ?????????????????????????????????????????????????? | | ?????????????????????????????????????????????????? | | ?????????????????????????????????????????????????? | | ?????????????????????????????????? ??????????????? | | ?????????????????????????????????? ??????????????? | | ?????????????????????????????????? #?????????????? | | ??????????????????????????????????? #????????####? | | ??????????????????????????????????? ##?????## ## | | ??????????????????????????????????? #???### # | | ??????????????????????????????????? #???# | | ???????????????????????????????????# ##### | | ???????????????????????????????????# ? | | ??????????????????????###########??# #??# | | ????????????????????"" ## ##?# #??# | | ????????????????? """""" ## #?# #??# % | | ?????????????????? """ """ ## ### #### | | ??????????????????? """ # % | | ????????????????? """ """ # ss ##" | | ????????????????? """""" s ### ## | | ????????????????# """ ### ### | | ????????????????# @ #?# ### | | ????????????????# #### ### ## #?#" | | ??????????????????????#####?# ## ##?### | | ????????????????????????????# ## ## #????# | | ????????????????????????????# ### ###### #????# | | ????????????????????????????# #?####????# #????# | | ????????????????????????????# #????????? ????? | | ????????????????????????????# #?????????# ???? | | ????????????????????????????# #?????????# ??? | | ????????????????????????????# #????????? ????? | | ????????????????????????????# #?????????? ???? | | ????????????????????????????? ??????????? ????? | | ????????????????????????????? ??????????????????? | | ?????????????????????????????##??????????????????? | | ?????????????????????????????????????????????????? | | ?????????????????????????????????????????????????? | | ?????????????????????????????????????????????????? | | ?????????????????????????????????????????????????? | | ?????????????????????????????????????????????????? | | ?????????????????????????????????????????????????? | | ?????????????????????????????????????????????????? | | ?????????????????????????????????????????????????? | | ?????????????????????????????????????????????????? | | ?????????????????????????????????????????????????? | | ?????????????????????????????????????????????????? | +----------------------------------------------------+ Best States ------------- Heat Dissipation 34 Energy Generation 15 Energy Capacity 800 Matter Stores 300 Matter Capacity 300 Sight Range 16 Robot Scan Range 15 Terrain Scan Density 10 Jamming Range 12 Armor Coverage 225 Propulsion Shielding 33 Weapon Shielding 33 Melee Speed Boost 20 Evasion (%) 57 Recoil Reduction 4 Offensive Hacking 20 Defensive Hacking 10 Item Schematics ----------------- Hacking Suite | -9/Materials | Scanalyzed Sensor Array | -9/Materials | Scanalyzed Signal Interpreter | -9/Materials | Scanalyzed Imp. Assault Rifle | -9/Materials | Scanalyzed VTOL Module | -8/Materials | Hacked Airjet | -8/Materials | Hacked Imp. Airjet | -7/Factory | Scanalyzed System Shield | -7/Factory | Scanalyzed System Restoration Module | -7/Factory | Scanalyzed Robot Schematics ------------------ None Fabricated ------------ Nothing Repaired ---------- Imp. Treads | 31% | -9/Materials Imp. Treads | 34% | -9/Materials Alien Tech Used ----------------- None Achievements -------------- Back For More Challenges ------------ None Game ------ Seed SubdwellerZhirovLance Manual? 0 Play Time 02:41:21 Cumulative 73.9 hours Start 2025.05.06 @ 08:16:37 End 2025.05.06 @ 21:50:02 Sessions 13 Manual Loads 0 Difficulty Rogue Special Mode None Game No. 50 Rogue 46 Adventurer 4 Explorer 0 Win Type - Total 2 Types 1/0/0/1/0/0/0/0/0/0 Lore% 30 Gallery% 34 Achievement% 35 Wizard Run 0 Options --------- Layout 0 ASCII 0 Keyboard 1 Movement Vi Keybinds 0 Fullscreen 1 Font 24/Crisp Map View 76x50 Zoom Use 0% Tactical HUD 1 Map Filters NONE Filters NONE Steam 1 RUN: 48b65bd7-077f-477c-b53c-d71a1f86380c